 Dungeon Crawl Stone Soup version 0.27.1-15-g792fb953b9 (webtiles) character file.

Game seed: 5878572419829769233

27 bearlyready the Cutter (level 3, 0/23 HPs)
             Began as a Kobold Fighter on Nov 18, 2021.
             Was an Initiate of Trog.
             Slain by a worm (7 damage)
             ... on level 2 of the Dungeon.
             The game lasted 00:01:55 (1669 turns).

bearlyready the Cutter (Kobold Fighter)             Turns: 1669, Time: 00:01:56

Health: 0/23       AC:  6    Str: 13    XL:     3   Next: 25%
Magic:  3/3        EV: 10    Int:  9    God:    Trog [......]
Gold:   80         SH:  5    Dex: 15    Spells: 2/2 levels left

rFire    . . .     SeeInvis .   a - +0 rapier
rCold    . . .     Faith    .   c - +0 buckler
rNeg     . . .     Spirit   .   b - +0 scale mail
rPois    .         Reflect  .   (no helmet)
rElec    .         Harm     .   (no cloak)
rCorr    .         Rampage  .   (no gloves)
Will     .....                  (no boots)
Stlth    ++........             (no amulet)
HPRegen  0.07/turn              (no ring)
MPRegen  0.08/turn              (no ring)

@: no status effects
A: small, no large weapons, nightstalker 3
a: Renounce Religion


You were on level 2 of the Dungeon.
You worshipped Trog.
Trog was noncommittal.
You visited 1 branch of the dungeon, and saw 2 of its levels.

You collected 80 gold pieces.

Inventory:

Hand Weapons
 a - a +0 rapier (weapon)
Missiles
 j - 5 stones (quivered)
Armour
 b - a +0 scale mail (worn)
 c - a +0 buckler (worn)
 f - a +0 ring mail
Scrolls
 g - a scroll of identify {unknown}
 i - a scroll of immolation {unknown}
Potions
 d - a potion of might
 e - a potion of attraction {unknown}
 h - a potion of magic {unknown}


   Skills:
 - Level 3.2 Fighting
 + Level 3.8 Short Blades
 + Level 0.2 Throwing
 - Level 2.4 Armour
 + Level 2.5 Stealth
 - Level 2.4 Shields


You had 2 spell levels left.
You didn't know any spells.
Your spell library contained the following spells:

 Spells                   Type           Power      Damage    Failure   Level
 Shock                    Conj/Air       0%         1d3       94%         1
 Swiftness                Air            0%         N/A       100%        3
 Airstrike                Air            0%         N/A       100%        4


Dungeon Overview and Level Annotations

Branches:
Dungeon (2/15)

Altars:
Trog

Shops:
D:1 *


Innate Abilities, Weirdness & Mutations

You are small and have problems with some larger weapons.
You are completely attuned to the shadows.


Message History

You hit the worm.
The worm is moderately wounded.
The worm bites you.
You hit the worm but do no damage.
The worm is moderately wounded.
You hit the worm but do no damage.
The worm is moderately wounded.
The worm bites you.
* * * LOW HITPOINT WARNING * * *
You puncture the worm!
The worm is severely wounded.
The worm closely misses you.
Throw: 8 stones
Press: ? - help, Q - select action Shift-Dir - straight line, f - worm
Aim: a worm (heavily wounded, 78% to hit)
You throw a stone. The stone hits the worm.
The worm is severely wounded.
You hit the worm.
The worm is severely wounded.
You hit the worm.
The worm is severely wounded.
The worm misses you.
Throw: 7 stones
Press: ? - help, Q - select action Shift-Dir - straight line, f/p - worm
Aim: a worm (severely wounded, 78% to hit)
You throw a stone.
The stone hits the worm but does no damage.
The worm is severely wounded.
You hit the worm.
The worm is severely wounded.
Throw: 6 stones
Press: ? - help, Q - select action Shift-Dir - straight line, f/p - worm
Aim: a worm (severely wounded, 78% to hit)
You throw a stone.
The stone hits the worm but does no damage.
The worm is severely wounded.
You hit the worm.
The worm is almost dead.
The worm bites you!
You die...

#####
...#####################
######...(w@................
...((.(...################..
##!..).....# ........
.......##.... .#####..
.#####.##..### ####...
#.##..# ..#... # #.#...
#.##.##.# #.......#


You could see a worm.

Vanquished Creatures
  A worm (D:2)
  A dart slug (D:1)
  An endoplasm (D:1)
  A giant cockroach (D:2)
  A goblin (D:1)
  5 hobgoblins (D:1)
  3 kobolds
  A quokka (D:2)
  A bat (D:1)
  2 frilled lizards (D:1)
  3 rats
20 creatures vanquished.

Notes
Turn   | Place    | Note
-------+----------+-------------------------------------------
     0 | D:1      | bearlyready the Kobold Fighter began the quest for the Orb.
     0 | D:1      | Reached XP level 1. HP: 14/14 MP: 1/1
   134 | D:1      | Found a faded altar of an unknown god.
   274 | D:1      | Reached skill level 1 in Stealth
   558 | D:1      | Reached XP level 2. HP: 19/19 MP: 2/2
  1079 | D:1      | Found Huraf's Assorted Antiques.
  1304 | D:2      | Reached XP level 3. HP: 10/23 MP: 3/3
  1526 | D:2      | Found a bloodstained altar of Trog.
  1585 | D:2      | Became a worshipper of Trog the Wrathful
  1669 | D:2      | Slain by a worm

Illustrated notes

Levels and vault maps discovered:
D:1:      evilmike_arrival_home_sweet_home, layout_loops_ring, serial_shops,
          shop_statue, hellmonk_ecumenical_altar_pennies_from_heaven,
          hangedman_decor_push, solitary_fountain, minmay_misc_feat_doors,
          minmay_misc_feat_chi, amcnicky_mini_pool_small
D:2:      layout_loops_ring, basic_altar

Skill      XL: |  1  2 |
---------------+-------+-----
Short Blades   | 3 |  3.8
Stealth        | 1 2 |  2.5
Fighting       | |  3.2
Throwing       | |  0.2
Armour         | |  2.4
Shields        | |  2.4

Action                   || total
-------------------------++-------
Melee: Rapier            ||    84
Throw: Stone             ||     3
 Stab: Sleeping          ||     2
Armor: Scale mail        ||    20
Dodge: Dodged            ||    23
Block: Buckler           ||    18
